 Dungeon Crawl Stone Soup version 0.32-a0-779-g362cfcae2a (webtiles) character file.

Game seed: 18378462060043886740

2 Doorstop00 the Chopper (level 1, 0/30 HPs)
             Began as a Minotaur Berserker on Mar 19, 2024.
             Was a Follower of Trog.
             Slain by an endoplasm (2 damage)
             ... on level 1 of the Dungeon.
             The game lasted 00:00:36 (32 turns).

Doorstop00 the Chopper (Minotaur Berserker)           Turns: 32, Time: 00:00:36

Health: 0/30       AC:  2    Str: 21    XL:     1   Next: 25%
Magic:  0/0        EV: 11    Int:  4    God:    Trog [*.....]
Gold:   0          SH:  0    Dex:  9    Spells: 0/0 levels left

rFire   . . .        a - +0 hand axe
rCold   . . .        (no shield)
rNeg    . . .        b - +0 animal skin
rPois   .            (helmet restricted)
rElec   .            (no cloak)
rCorr   .            (no gloves)
SInv    .            (no boots)
Will    .....        (no amulet) Stlth
                     (no ring)
HPRegen 0.25/turn    (no ring)
MPRegen 0.07/turn

%: no passive effects
@: berserking, very quick
A: horns 2, retaliatory headbutt
a: Renounce Religion, Berserk


You were on level 1 of the Dungeon.
You worshipped Trog.
Trog was aware of your devotion.
You visited 1 branch of the dungeon, and saw 1 of its levels.

Inventory:

Hand Weapons
 a - a +0 hand axe (weapon)
Armour
 b - a +0 animal skin (worn)
Potions
 c - a potion of lignification {unknown}
 d - a potion of haste {unknown}


   Skills:
 * Level 3.7 Fighting
 * Level 3.7 Axes
 * Level 2.4 Armour
 * Level 2.2 Dodging


You couldn't memorise any spells.
You didn't know any spells.
Your spell library was empty.

Dungeon Overview and Level Annotations

Branches:
Dungeon (1/15)

Altars:


Innate Abilities, Weirdness & Mutations

You have a pair of horns on your head.
You reflexively headbutt those who attack you in melee.


Message History

You see here a quokka corpse.
d - an inky potion You see here a quokka corpse.
Found 14 gold pieces.
A kobold and a gnoll come into view.
The kobold shouts!
The gnoll shouts!
An endoplasm comes into view.
You see here a lumpy silvery potion.
The gnoll attacks as it pursues you!
The gnoll hits you from afar with a +0 spear!
You see here a lumpy silvery potion.
The gnoll attacks as it pursues you!
The gnoll hits you from afar with a +0 spear.
The gnoll misses you.
You barely miss the kobold. The kobold barely misses you.
The gnoll hits you from afar with a +0 spear.
You hit the kobold but do no damage. You headbutt the kobold.
You kill the kobold!
Trog accepts your kill.
You hit the endoplasm.
The endoplasm hits you but does no damage.
The gnoll closely misses you. The endoplasm barely misses you.
The gnoll hits you with a +0 spear.
* * * LOW HITPOINT WARNING * * *
Things that are here:
a +0 short sword; a kobold corpse You hit the gnoll.
The gnoll is moderately wounded.
You hit the endoplasm but do no damage. The endoplasm closely misses you.
The gnoll hits you but does no damage.
You hit the gnoll but do no damage.
The gnoll is moderately wounded.
You hit the endoplasm. The endoplasm freezes you.
You are frozen.
* * * LOW HITPOINT WARNING * * *
The gnoll misses you.
A red film seems to cover your vision as you go berserk!
You feel yourself moving faster!
You feel mighty! The endoplasm hits you.
You die...

. #... ....... ..##...
....... ...#... ......
##..$..##....
...........# #.
#..........#....
................
.......g!#...###
.......@J# ...#
.#.......# ### ##
.........# ## ##≈##
.#......†###≈♣≈≈P≈##
#........#≈♣ß♣PßP≈#
..........##.♣..P≈##..#
....#.###......<.......
#.........##.P..P≈##.##
#.........#≈PßPPßP≈#


You could see a gnoll and an endoplasm.

Vanquished Creatures
  A quokka (D:1)
  A kobold (D:1)
2 creatures vanquished.

Notes
Turn   | Place    | Note
-------+----------+-------------------------------------------
     0 | D:1      | Doorstop00 the Minotaur Berserker began the quest for the
                  | Orb.
     0 | D:1      | Reached XP level 1. HP: 19/19 MP: 0/0
    31 | D:1      | HP: 1/20 [frozen (3)]
    32 | D:1      | Slain by an endoplasm

Illustrated notes

Levels and vault maps discovered:
D:1:      ldierk_walled_garden_2, layout_rooms, st_stairs_14, minivault_23,
          chequers_serial_rivers_micro_a

Action                     || total
---------------------------++-------
  Melee: Hand axe          ||     6
         Headbutt          ||     1
 Invoke: Berserk           ||     1
 Armour: Animal skin       ||     9
  Dodge: Dodged            ||     7

Table legend: (Time is in decaauts)
 A = Elapsed time spent in this place.
 B = Non-inter-level travel time spent in this place.
 C = Inter-level travel time spent in this place.
 D = Time resting spent in this place.
 E = Time spent auto-exploring this place.
 F = Levels seen in this place.
 G = Mean time per level.
                   A        B        C        D        E       F      G
               +--------+--------+--------+--------+--------+-----+--------+
         Total |     32 |     32 |      0 |      0 |      4 |   1 |   32.0 |
       Dungeon |     32 |     32 |      0 |      0 |      4 |   1 |   32.0 |
               +--------+--------+--------+--------+--------+-----+--------+

Top non-repeatable levels by time:
     D:1: 32 daAuts
